AoeStats
← gbbautista287

Scandinavia

510441806Analyzed
1v1 RM · 12h ago on Oct 1, 2026· 104m 11s· 2 players
Game mode
Random Map
Map size
Tiny (2 player)
Population
200
Speed
Normal
Resources
Standard
Victory
Conquest
Starting age
Dark Age
Ending age
Imperial Age
RankedLock teamsTeams togetherTeam positionsShared explorationLock speedFull tech treeHidden civsTurbo modeCheats
Victory
Defeat
🇺🇸 Byzantines · United States
612
+15
🇦🇷 Lithuanians · Argentina
591
-15
gbbautista287
9:08 Loom
10:59 Feudal Age
11:28 Loom
12:18 Wheelbarrow
11:32 Double-Bit Axe
12:19 Horse Collar
14:40 Town Watch
17:19 Castle Age
17:44 Scale Barding Armor
18:12 Bow Saw
23:00 Chain Barding Armor
22:54 Gold Mining
23:32 Forging
24:12 Hand Cart
24:14 Husbandry
27:09 Iron Casting
28:10 Fishing Lines
31:21 Scale Mail Armor
34:16 Bloodlines
34:23 Pikeman
41:03 Imperial Age
41:15 Murder Holes
41:15 Cavalier
42:56 Plate Barding Armor
45:36 Paladin
48:12 Chemistry
50:54 Padded Archer Armor
50:45 Fletching
51:30 Ballistics
67:32 Bodkin Arrow
67:53 Leather Archer Armor
69:14 Two-Man Saw
71:06 Bombard Tower
82:39 Redemption
84:29 Elite Skirmisher
85:15 Thumb Ring
85:44 Ring Archer Armor
86:58 Halberdier
90:29 Heavy Plow
90:35 Bracer
Derelict
9:08 Loom
11:54 Feudal Age
12:51 Fishing Lines
13:14 Double-Bit Axe
15:26 Wheelbarrow
16:01 Horse Collar
17:43 Man-at-Arms
20:03 Arson
20:32 Forging
20:23 Scale Mail Armor
26:33 Castle Age
25:08 Fletching
27:05 Gold Mining
28:02 Pikeman
28:47 Squires
31:56 Hand Cart
34:30 Imperial Age
34:36 Gambesons
37:39 Bow Saw
37:20 Halberdier
40:06 Conscription
47:32 Iron Casting
47:13 Chain Mail Armor
48:30 Scale Barding Armor
53:00 Heavy Plow
53:28 Chain Barding Armor
55:48 Bodkin Arrow
55:53 Padded Archer Armor
56:43 Logistica
56:32 Elite Skirmisher
57:18 Thumb Ring
59:54 Chemistry
59:15 Ballistics
66:15 Block Printing
66:12 Fervor
66:25 Sanctity
66:16 Redemption
67:19 Illumination
67:01 Atonement
68:47 Redemption
68:24 Elite Cataphract
84:36 Arrowslits
93:35 Logistica
96:42 Elite Varangian Guard
99:44 Light Cavalry
100:25 Husbandry
101:54 Guilds
102:18 Crop Rotation
101:29 Hussar
Connection lost

Rejoining the realm…

Still unreachable

The connection could not be restored.

Session expired

The server has moved on; the page needs a fresh start.